 Dungeon Crawl Stone Soup version 0.28-a0-381-g937acc2988 (webtiles) character file.

Game seed: 10489701766936155355

177562 mathmaestro the Brawler (level 17, -7/193 HPs)
             Began as a Troll Monk on Aug 28, 2021.
             Was a High Priest of Trog.
             Killed from afar by a merfolk aquamancer (12 damage)
             ... with a ball of steam
             ... on level 1 of the Shoals on Sept 1, 2021.
             The game lasted 01:08:52 (27035 turns).

mathmaestro the Brawler (Troll Monk)               Turns: 27035, Time: 01:08:55

Health: -7/193     AC:  9    Str: 36    XL:     17   Next: 54%
Magic:  16/16      EV: 12    Int:  9    God:    Trog [*****.]
Gold:   2515       SH: 11    Dex: 18    Spells: 16/16 levels left

rFire   . . .      SeeInvis +     - Unarmed
rCold   . . .      Faith    .   u - +0 kite shield
rNeg    . . .      Spirit   .   G - +0 steam dragon scales
rPois   .          Reflect  .   R - +0 hat of Cynicism {+Blink rCorr Str+4 Stlth+}
rElec   .          Harm     .   A - scarf {repulsion}
rCorr   +          Rampage  .   (gloves unavailable)
Will    +++++                   (boots unavailable)
Stlth   +++++.....              m - amulet of Ixiulem {Acrobat Stlth+}
HPRegen 2.42/turn               d - ring of the Mage {Wiz Will++ Int+3}
MPRegen 0.15/turn               N - ring "Woffip" {Str+4 Dex+6 SInv}

@: lethally poisoned (-7 -> -19), strong-willed, mesmerised, regenerating, repel
missiles, very slow
A: large, unfitting armour, claws 3, regeneration 1, shaggy fur 1, tough skin 1,
antennae 1, robust 1
a: Renounce Religion, Evoke Blink, Berserk, Trog's Hand, Brothers in Arms


You were on level 1 of the Shoals.
You worshipped Trog.
Trog was extremely pleased with you.
You visited 6 branches of the dungeon, and saw 26 of its levels.
You also visited: Sewer, Bailey and Volcano.

You collected 3353 gold pieces.
You spent 838 gold pieces at shops.

Inventory:

Hand Weapons
 F - a +7 long sword of flaming
Missiles
 K - 3 javelins (quivered)
 L - 2 throwing nets
Armour
 u - a +0 kite shield (worn)
 A - a scarf of repulsion (worn)
 G - +0 steam dragon scales (worn)
 R - the +0 hat of Cynicism (worn) {+Blink rCorr Str+4 Stlth+}
   (You acquired it on level 13 of the Dungeon)

   Str:       It affects your strength (+4).
   +Blink:    It lets you blink.
   rCorr:     It protects you from acid and corrosion.
   Stlth:     It makes you more stealthy.
Jewellery
 d - the ring of the Mage (left claw) {Wiz Will++ Int+3}
   (You bought it in a shop on level 2 of the Orcish Mines)

   [ring of wizardry]

   It improves your spell success rate.
   Int:       It affects your intelligence (+3).
   Will:      It greatly increases your willpower.
 m - the amulet of Ixiulem (around neck) {Acrobat Stlth+}
   (You found it on level 15 of the Dungeon)

   [amulet of the acrobat]

   It increases your evasion while moving and waiting.
   Stlth:     It makes you more stealthy.
 s - a ring of poison resistance
 N - the ring "Woffip" (right claw) {Str+4 Dex+6 SInv}
   (You found it on level 1 of the Lair of Beasts)

   [ring of dexterity]

   Str:       It affects your strength (+4).
   Dex:       It affects your dexterity (+6).
   SInv:      It lets you see invisible.
Wands
 a - a wand of charming (8)
 h - a wand of iceblast (18)
 i - a wand of acid (11)
 v - a wand of digging (7)
 w - a wand of polymorph (15)
 y - a wand of mindburst (32)
 H - a wand of flame (61)
Scrolls
 c - 2 scrolls of holy word
 e - a scroll of blinking
 j - 4 scrolls of teleportation
 n - a scroll of enchant weapon
 p - 6 scrolls of fog
 q - 6 scrolls of fear
 t - 5 scrolls of identify
 D - 6 scrolls of summoning
 E - a scroll of silence
Potions
 b - a potion of heal wounds
 f - 4 potions of resistance
 g - 2 potions of ambrosia
 k - 5 potions of curing
 l - 7 potions of invisibility
 r - 2 potions of might
 z - 4 potions of flight
 C - 2 potions of mutation
 P - 2 potions of cancellation
 S - 5 potions of haste
Miscellaneous
 I - a lightning rod (4/4)
 J - a box of beasts


   Skills:
 + Level 13.0 Fighting
 + Level 7.8 Throwing
 + Level 9.7 Armour
 - Level 5.0 Dodging
 - Level 5.0 Stealth
 - Level 9.0 Shields
 + Level 15.1 Unarmed Combat
 + Level 6.3 Evocations


You had 16 spell levels left.
You didn't know any spells.
Your spell library contained the following spells:

 Spells                   Type           Power      Damage    Failure   Level
 Freeze                   Ice            0%         1d3       16%         1
 Shock                    Conj/Air       0%         1d3       16%         1
 Summon Small Mammal      Summ           0%         N/A       16%         1
 Blink                    Tloc           N/A        N/A       24%         2
 Corpse Rot               Necr/Air       N/A        N/A       24%         2
 Poisonous Vapours        Pois/Air       0%         N/A       24%         2
 Call Canine Familiar     Summ           0%         N/A       43%         3
 Frozen Ramparts          Ice            0%         1d2       43%         3
 Lesser Beckoning         Tloc           0%         N/A       43%         3
 Stone Arrow              Conj/Erth      0%         3d7       43%         3
 Summon Guardian Golem    Hex/Summ       0%         N/A       43%         3
 Swiftness                Air            0%         N/A       43%         3
 Airstrike                Air            0%         N/A       82%         4
 Cause Fear               Hex            0%         N/A       82%         4
 Dispel Undead            Necr           0%         3d6       82%         4
 Fulminant Prism          Conj/Hex       0%         3d6       82%         4
 Hailstorm                Conj/Ice       0%         3d3       82%         4
 Iskenderun's Mystic Bla  Conj/Tloc      0%         2d3       82%         4
 Bolt of Magma            Conj/Fire/Erth 0%         4d4       98%         5
 Freezing Cloud           Conj/Ice/Air   0%         6-21      98%         5
 Lee's Rapid Deconstruct  Erth           0%         3d5*      98%         5
 Manifold Assault         Tloc           0%         N/A       98%         5
 Death Channel            Necr           0%         N/A       100%        6
 Dragon Form              Tmut           0%         N/A       100%        7
 Dragon's Call            Summ           0%         N/A       100%        9
 Shatter                  Erth           0%         3d5*      100%        9


Dungeon Overview and Level Annotations

Branches:
Dungeon (15/15)            Temple (1/1) D:5            Lair (6/6) D:11
 Shoals (1/4) Lair:4        Snake (0/4) Lair:2        Slime (1/5) Lair:6
    Orc (2/2) D:10            Elf (0/3) Orc:2        Vaults (0/5) D:14
 Depths (0/5) D:15          Sewer (visited)          Bailey (visited)
Volcano (visited)

Altars:
Ashenzari
Cheibriados
Dithmenos
Elyvilon
Fedhas
Gozag
Hepliaklqana
Makhleb
Nemelex Xobeh
Okawaru
Ru
Sif Muna
Trog
Uskayaw
Vehumet
Wu Jian
Xom
Yredelemnul
Zin
The Shining One
Beogh

Shops:
D:2 !   D:3 [   Orc:1 *   Orc:2 *[(*

Portals:
Trove: D:10 (show abyssal rune of Zot)


Innate Abilities, Weirdness & Mutations

You are too large for most types of armour.
You have claws for hands.
Your natural rate of healing is unusually fast.
You are covered in fur. (AC +1)
You have tough skin. (AC +1)
You have a pair of small antennae on your head.
You are robust. (+10% HP)


Message History

You block the water elemental's attack.
The merfolk aquamancer closely misses you.
The faun hits you with a +0 club!!
* * * LOW HITPOINT WARNING * * *
The merfolk siren chants its luring song.
You claw the merfolk aquamancer!
The merfolk aquamancer is almost dead.
You feel very sick.
The faun hits you from afar with a +0 spear!
* * * LOW HITPOINT WARNING * * *
The water elemental closely misses you.
You block the merfolk aquamancer's attack.
The faun splashes around in the water.
The merfolk siren chants its luring song.
You scratch the merfolk aquamancer.
The merfolk aquamancer is almost dead.
You feel sick. You block the faun's attack.
The faun shoots a stone.
You block the stone. You block the water elemental's attack.
The merfolk aquamancer hits you with a +5 rapier of venom!!
* * * LOW HITPOINT WARNING * * *
You are lethally poisoned!
You closely miss the merfolk aquamancer.
The merfolk aquamancer is almost dead.
* * * LOW HITPOINT WARNING * * *
You feel extremely sick. You block the faun's attack.
The merfolk siren chants its luring song.
The faun unwields a +2 vorpal hunting sling.
The faun wields a +0 club.
The faun barely misses you.
The faun hits you from afar with a +0 spear.
* * * LOW HITPOINT WARNING * * *
The faun shoots a stone.
You block the stone. The water elemental hits you.
* * * LOW HITPOINT WARNING * * *
You closely miss the merfolk aquamancer.
The merfolk aquamancer is almost dead.
* * * LOW HITPOINT WARNING * * *
You feel extremely sick.
The merfolk aquamancer points at you and mumbles some strange words.
The ball of steam hits you! You resist.
You die...

≈≈≈≈≈≈≈≈≈≈≈≈≈≈≈≈
≈≈≈≈≈≈≈≈≈≈≈≈≈≈≈≈≈≈≈≈≈≈≈≈
≈≈≈≈≈≈≈≈≈≈≈≈≈≈≈≈≈≈≈≈≈≈≈≈
≈≈≈≈≈≈≈≈≈≈≈≈≈≈≈≈≈≈≈.≈≈≈≈
≈≈≈≈≈≈≈≈≈≈≈≈≈≈≈≈≈....≈≈≈
≈≈≈≈c≈≈≈≈≈≈≈≈≈≈≈........
≈≈≈≈≈≈≈≈≈≈≈≈≈≈≈(........
≈≈≈...≈c≈≈≈≈≈≈≈.......:.
.≈≈..cm@≈≈≈≈≈≈..........
≈≈≈...cE≈≈≈≈≈≈......)...
≈≈≈≈≈≈≈≈≈≈≈≈≈≈..........
.≈≈≈≈≈≈≈≈≈≈≈≈≈..........
P.≈≈≈≈≈≈≈≈≈≈≈≈........##
mPPP≈≈≈≈≈≈≈≈≈≈≈.........
PP>≈≈≈≈≈≈≈≈≈≈≈≈.........
≈≈≈P≈≈≈≈≈≈≈≈≈≈≈≈......≈≈
≈≈≈≈≈≈≈≈≈≈≈≈≈≈≈≈≈≈≈≈≈≈≈


You could see a merfolk aquamancer, 4 fauns, a water elemental and a merfolk
siren (mesmerising).

Vanquished Creatures
  Jorgrun (Orc:1)
  Rupert (Lair:5)
  Kirke (D:15)
  The ghost of Ziqoqehile the Wallflower, an adept DsGl of Uskayaw (D:15)
  A frost giant (D:15)
  An orc warlord (Orc:2)
  The ghost of Cinyl the Fighter, a journeyman DrGl of Ashenzari (D:10)
  An ettin (D:14)
  8 hydras
  Harold (D:11)
  5 centaur warriors
  7 boulder beetles
  A catoblepas (Lair:4)
  Erica (D:8)
  The ghost of SkeletonJelly the Slicer, a journeyman KoBr of Wu Jian (Lair:2)
  8 two-headed ogres
  A merfolk aquamancer (Shoals:1)
  A dancing weapon (Lair:2)
  An orc high priest (Orc:2)
  Urug (D:11)
  2 tengu warriors (D:15)
  A fire crab (Lair:4)
  5 skeletal warriors
  7 orc knights
  A lindwurm (Lair:5)
  A wizard (D:15)
  Pikel (D:8)
  A harpy (shapeshifter) (D:14)
  A deep elf pyromancer (D:14)
  2 anaconda skeletons (Volcano)
  9 ugly things
  2 oklob plants (D:11)
  An orc sorcerer (Orc:2)
  3 manticores
  4 slime creatures (D:13)
  3 cyclopes
  Joseph (D:9)
  A rust devil (D:11)
  10 elephants
  3 black mambas
  A merfolk siren (Shoals:1)
  Maggie (D:8)
  Maurice (D:10)
  2 torpor snails
  4 rime drakes
  11 cane toads
  5 gargoyles
  5 yaktaurs (D:12)
  3 kobold demonologists (D:13)
  A freezing wraith (D:14)
  8 komodo dragons
  An efreet (D:15)
  2 trolls
  4 polar bears
  4 hornets
  Prince Ribbit (D:8)
  A harpy skeleton (Volcano)
  A hornet (shapeshifter) (D:14)
  A wolf spider simulacrum (D:14)
  20 blink frogs
  A meliai zombie (D:11)
  A snapping turtle (Shoals:1)
  2 dream sheep (Lair:6)
  3 flying skulls (Volcano)
  Sigmund (D:5)
  3 shadows
  14 spriggans
  A wyvern (D:8)
  7 water elementals
  A wraith (D:11)
  53 yaks
  5 hogs (D:15)
  Grum (D:8)
  3 basilisks
  5 vampire mosquitoes
  A golden eye (shapeshifter) (D:13)
  3 wargs
  Edmund (D:4)
  An acid dragon (shapeshifter) (D:14)
  29 water moccasins
  37 orc warriors
  7 black bears
  2 ice beasts
  2 necrophages
  4 boggarts
  4 ogres
  72 wolves
  A lemure (D:8)
  A phantom (D:5)
  17 centaurs
  8 kobold brigands
  8 bullfrogs
  5 scorpions
  A water moccasin skeleton (D:7)
  3 wights (D:8)
  12 killer bees
  2 howler monkeys
  4 electric eels
  2 troll skeletons (Volcano)
  A lava snake (Lair:6)
  2 jellies
  A bullfrog skeleton (D:6)
  4 centaur zombies
  2 gnoll shamans
  23 orc priests
  2 centaur skeletons (D:5)
  Natasha (twice) (D:3)
  An iguana (D:6)
  A scorpion zombie (D:5)
  Ijyb (D:3)
  26 orc wizards
  11 hell rats
  3 howler monkey zombies
  Robin (D:3)
  14 gnolls
  9 adders
  5 river rats
  A shadow imp (D:6)
  4 worms
  4 dart slugs
  107 orcs
  11 ball pythons
  7 bats
  3 endoplasms
  7 giant cockroaches
  11 hobgoblins
  8 jackals
  6 quokkas
  7 frilled lizards
  20 goblins
  27 kobolds
  7 rats
  A spectral orc (D:12)
848 creatures vanquished.

Vanquished Creatures (collateral kills)
  2 orc knights (Bailey)
  A troll (Orc:2)
  A hornet (Lair:6)
  A warg (Orc:2)
  2 orc warriors
  A black bear (Lair:6)
  An orc wizard (Orc:2)
  3 orcs (Orc:2)
12 creatures vanquished.

Vanquished Creatures (others)
  13 fungi
  21 plants
34 creatures vanquished.

Grand Total: 894 creatures vanquished

Notes
Turn   | Place    | Note
-------+----------+-------------------------------------------
     0 | D:1      | mathmaestro the Troll Monk began the quest for the Orb.
     0 | D:1      | Reached XP level 1. HP: 22/22 MP: 0/0
   174 | D:1      | Reached XP level 2. HP: 27/29 MP: 1/1
   421 | D:1      | Reached XP level 3. HP: 36/36 MP: 2/2
  1098 | D:2      | Found Vina Xeje's Distillery.
  1106 | D:2      | Bought a potion of heal wounds for 50 gold pieces
  1168 | D:2      | Reached XP level 4. HP: 45/45 MP: 3/3
  1284 | D:2      | Found a faded altar of an unknown god.
  1476 | D:2      | Bought a potion of curing for 30 gold pieces
  1522 | D:2      | Reached skill level 4 in Unarmed Combat
  1685 | D:3      | Reached XP level 5. HP: 37/53 MP: 4/4
  1702 | D:3      | Noticed a black bear
  1704 | D:3      | Noticed Natasha
  1714 | D:3      | Killed a black bear
  1714 | D:3      | Killed Natasha
  1715 | D:3      | Reached skill level 5 in Unarmed Combat
  1715 | D:3      | Reached XP level 6. HP: 40/62 MP: 5/5
  1884 | D:3      | Noticed an ice beast
  1895 | D:3      | Killed an ice beast
  1990 | D:3      | Noticed Robin
  2005 | D:3      | Killed Robin
  2175 | D:3      | Noticed Natasha
  2180 | D:3      | Killed Natasha
  2187 | D:3      | Noticed Ijyb
  2194 | D:3      | Killed Ijyb
  2267 | D:3      | Found Ypekicerph's Armour Shop.
  2619 | D:4      | Reached XP level 7. HP: 60/71 MP: 6/6
  3100 | D:4      | Noticed Edmund
  3108 | D:4      | Killed Edmund
  3320 | D:4      | Reached skill level 5 in Fighting
  3320 | D:4      | Reached skill level 6 in Unarmed Combat
  3579 | D:5      | Entered Level 5 of the Dungeon
  3600 | D:5      | Found a glowing drain.
  3625 | Sewer    | Entered a sewer
  4236 | D:5      | Reached XP level 8. HP: 69/81 MP: 7/7
  4287 | D:5      | Noticed Sigmund
  4294 | D:5      | Killed Sigmund
  4323 | D:5      | Found a shimmering altar of Xom.
  4348 | D:5      | Found a staircase to the Ecumenical Temple.
  4361 | Temple   | Entered the Ecumenical Temple
  4970 | D:4      | Gained mutation: You have a pair of small antennae on your
                  | head. [potion of mutation]
  5138 | D:6      | Reached skill level 7 in Unarmed Combat
  5625 | D:6      | Reached skill level 1 in Shields
  5886 | D:2      | Bought a potion of curing for 30 gold pieces
  5886 | D:2      | Bought a potion of flight for 30 gold pieces
  6567 | D:7      | Reached XP level 9. HP: 60/91 MP: 4/8
  7033 | D:7      | Found a glowing golden altar of the Shining One.
  7229 | D:7      | Found a basalt altar of Yredelemnul.
  7353 | D:7      | Found a sparkling altar of Nemelex Xobeh.
  7353 | D:7      | Found a shimmering blue altar of Sif Muna.
  7353 | D:7      | Found a burning altar of Makhleb.
  7408 | D:8      | Noticed Prince Ribbit
  7529 | D:8      | Reached skill level 8 in Unarmed Combat
  7591 | D:8      | Noticed Pikel
  7611 | D:8      | Killed Pikel
  7692 | D:8      | Killed Prince Ribbit
  7852 | D:8      | Noticed Erica
  7868 | D:8      | Killed Erica
  7869 | D:8      | Reached skill level 5 in Shields
  7869 | D:8      | Reached XP level 10. HP: 61/102 MP: 3/9
  8040 | D:8      | Noticed Maggie
  8040 | D:8      | Noticed Grum
  8207 | D:8      | Killed Maggie
  8243 | D:8      | Killed Grum
  8392 | D:8      | Reached skill level 9 in Unarmed Combat
  9283 | D:9      | Noticed a two-headed ogre
  9294 | D:9      | Killed a two-headed ogre
  9472 | D:9      | Noticed Joseph
  9493 | D:9      | Killed Joseph
  9494 | D:9      | Reached skill level 5 in Stealth
  9942 | D:9      | Reached XP level 11. HP: 111/111 MP: 10/10
  9995 | D:10     | Entered Level 10 of the Dungeon
 10094 | D:10     | Noticed a two-headed ogre
 10121 | D:10     | Killed a two-headed ogre
 10232 | D:10     | Found a staircase to the Orcish Mines.
 10338 | D:10     | Found a portal to a secret trove of treasure.
 10390 | D:10     | Noticed a two-headed ogre
 10399 | D:10     | Killed a two-headed ogre
 10400 | D:10     | Reached skill level 1 in Armour
 10454 | D:10     | Noticed Maurice
 10464 | D:10     | Killed Maurice
 10905 | D:11     | Noticed a two-headed ogre
 10915 | D:11     | Killed a two-headed ogre
 10916 | D:11     | Reached skill level 10 in Unarmed Combat
 11050 | D:11     | Noticed Urug
 11070 | D:11     | Killed Urug
 11258 | D:11     | Noticed an oklob plant
 11275 | D:11     | Noticed a boulder beetle
 11318 | D:11     | Killed a boulder beetle
 11490 | D:11     | Found a burning altar of Makhleb.
 11594 | D:11     | Noticed an oklob plant
 11605 | D:11     | Found a staircase to the Lair.
 11613 | D:11     | Killed an oklob plant
 11633 | D:11     | Killed an oklob plant
 11644 | Lair:1   | Entered Level 1 of the Lair of Beasts
 11690 | Lair:1   | Reached XP level 12. HP: 85/122 MP: 6/11
 11762 | Lair:1   | Noticed Harold
 11904 | D:11     | Killed Harold
 12001 | Lair:1   | Identified the ring "Woffip" {Str+4 Dex+6 SInv}
 12367 | Lair:1   | Noticed a six-headed hydra
 12379 | Lair:1   | Killed a one-headed hydra
 12380 | Lair:1   | Reached skill level 11 in Unarmed Combat
 12876 | Lair:2   | Reached skill level 5 in Armour
 12978 | Lair:2   | Found a staircase to the Snake Pit.
 13093 | Lair:2   | Reached skill level 10 in Fighting
 13289 | Lair:2   | Reached skill level 12 in Unarmed Combat
 13337 | Lair:2   | Reached XP level 13. HP: 123/135 MP: 12/12
 13352 | Lair:2   | Identified the +0 morningstar "Hagom" {drain, Fly Will+}
 13486 | Lair:2   | Found a runed translucent door.
 13486 | Lair:2   | Found a shimmering altar of Xom.
 13486 | Lair:2   | Noticed SkeletonJelly's ghost (journeyman KoBr)
 13651 | Lair:2   | Found a broken altar of Ashenzari.
 14080 | Lair:4   | Found a staircase to the Shoals.
 14227 | Lair:4   | Identified the ring "Nukeixy" {Fire rPois SInv}
 14365 | Lair:3   | Found a dark tunnel.
 14382 | Volcano  | Entered a volcano
 14626 | Volcano  | Reached skill level 13 in Unarmed Combat
 14638 | Volcano  | Identified the +0 helmet "Pennesir" {rElec rC+ Regen+
                  | Slay+3}
 14650 | Volcano  | Reached XP level 14. HP: 146/146 MP: 13/13
 15175 | Lair:5   | Reached skill level 5 in Dodging
 15286 | Lair:6   | Entered Level 6 of the Lair of Beasts
 15587 | Lair:6   | Found a staircase to the Slime Pits.
 15659 | Slime:1  | Entered Level 1 of the Pits of Slime
 15659 | Slime:1  | Noticed a rockslime
 16117 | D:2      | Became a worshipper of Trog the Wrathful
 16117 | D:2      | Reached * piety under Trog
 16117 | D:2      | Reached ** piety under Trog
 17153 | Lair:4   | Reached *** piety under Trog
 17637 | Lair:5   | Reached skill level 1 in Throwing
 17848 | Lair:5   | Noticed Rupert
 17859 | Lair:5   | Killed Rupert
 17860 | Lair:5   | Reached XP level 15. HP: 156/156 MP: 12/14
 19134 | Lair:6   | Reached **** piety under Trog
 19138 | Lair:6   | Reached skill level 5 in Evocations
 19328 | Lair:6   | Identified the +1 robe "Katzah" {SInv}
 19543 | Lair:6   | Reached skill level 14 in Unarmed Combat
 19912 | Lair:6   | Upgraded the game from 0.28-a0-268-g3f656e82c2 to
                  | 0.28-a0-381-g937acc2988
 20093 | Orc:1    | Entered Level 1 of the Orcish Mines
 20142 | Orc:1    | Found a runed translucent gate.
 20146 | Orc:1    | Found a runed translucent gate.
 20146 | Orc:1    | Found a runed translucent gate.
 20147 | Orc:1    | Found an opulent altar of Gozag.
 20147 | Orc:1    | Found Neex Muu's Assorted Antiques.
 20148 | Orc:1    | Noticed Cinyl's ghost (journeyman DrGl)
 20216 | D:10     | Killed Cinyl's ghost
 20482 | Orc:1    | Noticed Jorgrun
 20496 | Orc:1    | Killed Jorgrun
 20870 | Orc:2    | Entered Level 2 of the Orcish Mines
 21161 | Orc:2    | Reached ***** piety under Trog
 21388 | Orc:2    | Noticed an orc warlord
 21454 | Orc:2    | Killed an orc warlord
 21609 | Orc:2    | Found Asaceunt's Antique Armour Emporium.
 21610 | Orc:2    | Found Izuypsa's Antique Weapon Shoppe.
 21795 | Orc:2    | Found a staircase to the Elven Halls.
 21881 | Orc:2    | Found Usawki Qiasm's General Store.
 22183 | Orc:2    | Found Beux's General Store.
 22193 | Orc:2    | Bought the ring of the Mage {Wiz Will++ Int+3} for 672 gold
                  | pieces
 22193 | Orc:2    | Found the ring of the Mage {Wiz Will++ Int+3}
 22193 | Orc:2    | Bought a scroll of identify for 26 gold pieces
 22243 | Orc:2    | Received a gift from Trog
 22541 | D:12     | Reached skill level 5 in Throwing
 22564 | D:12     | HP: 3/158 [two-headed ogre (14)]
 22569 | D:12     | HP: 6/158 [yaktaur (11)]
 23018 | D:12     | You fall into a shaft and drop 2 floors!
 23050 | D:14     | Paralysed by a hornet for 1 turns
 23362 | D:14     | Reached XP level 16. HP: 67/167 MP: 5/15
 23612 | D:13     | Found a flagged portal.
 23622 | Bailey   | Entered a bailey
 23763 | Bailey   | Reached XP level 17. HP: 175/175 MP: 16/16
 24248 | D:12     | Found a basalt altar of Yredelemnul.
 24395 | D:13     | Received a gift from Trog
 24781 | D:13     | Identified a scroll of acquirement
 24781 | D:13     | Acquired the +0 hat of Cynicism {+Blink rCorr Str+4 Stlth+}
 24841 | D:13     | Gained mutation: You are robust. (+10% HP) [a neqoxec]
 25428 | D:14     | Found a gate to the Vaults.
 25534 | D:15     | Entered Level 15 of the Dungeon
 25987 | D:15     | Reached skill level 15 in Unarmed Combat
 26053 | D:15     | Noticed Kirke
 26073 | D:15     | Killed Kirke
 26132 | D:15     | Found a staircase to the Depths.
 26244 | D:15     | Found a large runed translucent door.
 26244 | D:15     | Found a large runed translucent door.
 26247 | D:15     | Noticed Ziqoqehile's ghost (adept DsGl)
 26278 | D:15     | Found a radiant altar of Vehumet.
 26482 | D:15     | Killed Ziqoqehile's ghost
 26483 | D:15     | Identified the amulet of Ixiulem {Acrobat Stlth+}
 26776 | Lair:2   | Killed SkeletonJelly's ghost
 26896 | Shoals:1 | Entered Level 1 of the Shoals
 27035 | Shoals:1 | HP: 5/193 [poisoned by a merfolk aquamancer]
 27035 | Shoals:1 | Killed from afar by a merfolk aquamancer

Illustrated notes

Levels and vault maps discovered:
D:1:      heliophobic_arrival_ceremonial_halls, layout_loops_corners,
          nrook_campfire, st_stairs_13
D:2:      layout_basic, serial_glass, glass_columns_c, glass_columns_a,
          glass_columns_b, glass_columns_b, glass_columns_a, glass_columns_a,
          glass_columns_c, glass_columns_a, glass_columns_a, glass_columns_b,
          serial_shops, shop, hellmonk_ecumenical_altar_run_dry
D:3:      layout_loops_ring, serial_shops, nicolae_shop_waterfront,
          glass_columns_a, feat_on_display, uniq_natasha, uniq_ijyb, uniq_robin
D:4:      layout_basic, nicolae_overflow_hidden_temple, minmay_goblin_outpost,
          uniq_edmund
D:5:      layout_loops_ring, xom_teletrap_fun, minmay_temple_entry_poolview,
          portal_sewer_entry_b, kennysheep_boxes, uniq_sigmund
D:6:      layout_basic
D:7:      layout_cave_pools, grunt_temple_overflow_holy_war,
          gammafunk_temple_overflow_claw
D:8:      layout_layer_cave, uniq_maggie, uniq_erica, uniq_pikel,
          uniq_prince_ribbit1, uniq_grum
D:9:      layout_gridville, minmay_starry_boxes, uniq_joseph
D:10:     layout_basic, david_orc_4, trove_entry_hex_spiral, uniq_maurice
D:11:     layout_big_octagon, dpeg_oklobed_lair, demons_altar, uniq_urug
D:12:     layout_loops_ring, yredelemnul_forgotten_temple_becter
D:13:     layout_cave_pools, enter_bailey_2, minmay_misc_feat_tiny
D:14:     layout_loops_ring, david_vaults_4, serial_park_fountain,
          amcnicky_mini_corridor_feature, drop_trap, minivault_26
D:15:     grunt_enter_depths_snipers, layout_gridville,
          ebering_ghost_disaster_area, vehumet_crystals, minivault_16,
          uniq_kirke
Temple:   eino_narrow_crystal_temple
Lair:1:   layout_chaotic_city, uniq_harold
Lair:2:   layout_cave_pods, minmay_snake_entry_six_corridors, basic_altar,
          ebering_ghost_xom, grunt_forest_large_clearings
Lair:3:   layout_misc_corridors, nicolae_volcano_entry_lava_flow,
          infiniplex_staircase_pool_2
Lair:4:   layout_hall_layers, shoals_dummy_entry,
          chequers_serial_rivers_micro_c, wad_woods_road_04
Lair:5:   layout_cave_pods, grunt_megastairs_2, uniq_rupert
Lair:6:   minmay_lair_end_enchanted_forest, layout_gridlike, slime_dummy,
          st_stairs_4, serial_bayou_crossing
Shoals:1: nicolae_shoals_island_circles, layout_shoals,
          nicolae_shoals_square_sea_wall, uniq_nikola
Slime:1:  layout_caves
Orc:1:    layout_caves, ebering_ghost_gozag, nicolae_orc_crystal_geode,
          uniq_jorgrun
Orc:2:    grunt_orc_community_town_hall, layout_caves,
          grunt_orc_community_big_house_2, grunt_orc_community_big_house_1,
          grunt_orc_community_house_2, grunt_orc_community_house_3,
          grunt_orc_community_house_3, grunt_orc_community_house_2,
          grunt_orc_community_house_3, grunt_orc_community_house_2

Skill      XL: |  1  2  3  4  5  6  7  8  9 10 11 12 13 14 15 16 17 |
---------------+----------------------------------------------------+-----
Dodging        | 3 4 5 |  5.0
Fighting       | 3 4 5 6 7 8 10 11 12 13 | 13.0
Unarmed Combat | 4 5 6 7 8 9 10 12 13 14 15 | 15.1
Stealth        | 2 3 4 5 |  5.0
Shields        | 2 5 6 8 9 |  9.0
Armour         | 3 5 6 8 9 |  9.7
Evocations     | 3 4 5 6 |  6.3
Throwing       | 1 5 6 7 |  7.8

Action                   |  1- 3 |  4- 6 |  7- 9 | 10-12 | 13-15 | 16-18 || total
-------------------------+-------+-------+-------+-------+-------+-------++-------
Melee: Unarmed           |    91 |   154 |   358 |   671 |  1060 |   327 ||  2661
       Punch             |       |     5 |     5 |       |       |       ||    10
       Long sword        |       |       |       |     9 |    36 |       ||    45
Throw: Boomerang         |       |     5 |     3 |     2 |    15 |       ||    25
       Javelin           |       |       |       |       |    19 |       ||    19
Invok: Trog's Hand       |       |       |       |       |     4 |     2 ||     6
       Berserk           |       |       |       |       |     2 |       ||     2
       Brothers in Arms  |       |       |       |       |     3 |     1 ||     4
Evoke: Wand              |       |     2 |     2 |    16 |    21 |    10 ||    51
  Use: Scroll            |     4 |     3 |     9 |    11 |     7 |     3 ||    37
       Potion            |       |       |     7 |     7 |     5 |     1 ||    20
 Stab: Sleeping          |     3 |     2 |     8 |    13 |    15 |     9 ||    50
       Distracted        |       |       |     1 |       |     2 |     1 ||     4
Armor: Robe              |    28 |    43 |   135 |     4 |       |       ||   210
       Steam dragon scal |       |       |       |   174 |   222 |    79 ||   475
Dodge: Dodged            |    31 |    73 |   165 |   296 |   404 |   188 ||  1157
       Repelled          |       |       |       |     2 |     5 |     3 ||    10
Block: Kite shield       |       |       |   104 |   369 |   623 |   209 ||  1305

Table legend: (Time is in decaauts)
 A = Elapsed time spent in this place.
 B = Non-inter-level travel time spent in this place.
 C = Inter-level travel time spent in this place.
 D = Time resting spent in this place.
 E = Time spent auto-exploring this place.
 F = Levels seen in this place.
 G = Mean time per level.
                   A        B        C        D        E       F      G
               +--------+--------+--------+--------+--------+-----+--------+
         Total |  26811 |  24275 |   2536 |   2113 |  16039 |  29 |  924.5 |
       Dungeon |  15945 |  14130 |   1815 |   1359 |   9588 |  15 | 1063.0 |
        Temple |    170 |    157 |     13 |      0 |    151 |   1 |  170.0 |
          Lair |   7344 |   6677 |    667 |    575 |   4330 |   6 | 1224.0 |
        Shoals |    135 |    135 |      0 |      0 |     88 |   1 |  135.0 |
    Slime Pits |      1 |      1 |      0 |      0 |      0 |   1 |    1.0 |
  Orcish Mines |   2023 |   1984 |     39 |    116 |   1299 |   2 | 1011.5 |
         Sewer |    434 |    434 |      0 |      2 |    255 |   1 |  434.0 |
        Bailey |    294 |    294 |      0 |     29 |    101 |   1 |  294.0 |
       Volcano |    461 |    461 |      0 |     32 |    226 |   1 |  461.0 |
               +--------+--------+--------+--------+--------+-----+--------+

Top non-repeatable levels by time:
     D:6: 1484 daAuts
  Lair:6: 1471 daAuts
     D:8: 1462 daAuts
  Lair:2: 1452 daAuts
  Lair:5: 1281 daAuts
     D:4: 1268 daAuts
   Orc:2: 1250 daAuts
  Lair:4: 1225 daAuts
    D:10: 1216 daAuts
  Lair:1: 1196 daAuts
     D:9: 1121 daAuts
    D:14: 1105 daAuts
    D:11: 1026 daAuts
    D:15: 1017 daAuts
    D:12: 984 daAuts
